 Dungeon Crawl Stone Soup version 0.31-a0-486-g8d68a81214 (webtiles) character file.

Game seed: 11262840332808874561

630 innerfire43 the Chopper (level 7, -10/55 HPs)
             Began as a Demonspawn Monk on Aug 7, 2023.
             Mangled by Duvessa
             ... wielding a +0 short sword
              (13 damage)
             ... on level 4 of the Dungeon.
             The game lasted 00:03:08 (3173 turns).

innerfire43 the Chopper (Demonspawn Monk)           Turns: 3173, Time: 00:03:08

Health: -10/55     AC:  9    Str: 14    XL:     7   Next: 24%
Magic:  7/7        EV: 13    Int: 11    God:
Gold:   240        SH:  0    Dex: 15    Spells: 6/6 levels left

rFire   . . .        m - +0 war axe
rCold   . . .        d - orb {light}
rNeg    + . .        v - +1 leather armour {rN+}
rPois   .            n - +0 helmet
rElec   .            l - +0 cloak
rCorr   .            (no gloves)
SInv    .            h - +0 pair of boots
Will    .....        (no amulet)
Stlth   +            (no ring)
HPRegen 0.29/turn    (no ring)
MPRegen 0.10/turn

%: no passive effects
@: glowing
A: icy blue scales 1, condensation shield, demonic magic 1, bedeviling
a: no special abilities


You were on level 4 of the Dungeon.
You visited 1 branch of the dungeon, and saw 4 of its levels.

You collected 240 gold pieces.

Inventory:

Hand Weapons
 a - a +0 hand axe
 m - a +0 war axe (weapon)
 q - the +0 dagger "Qer Zed" {freeze, rN+ Will++ Stlth+}
   (You found it on level 3 of the Dungeon)

   rN:        It protects you from negative energy.
   Will:      It greatly increases your willpower.
   Stlth:     It makes you more stealthy.
Armour
 b - a +0 robe
 d - an orb of light (worn)
 h - a +0 pair of boots (worn)
 l - a +0 cloak (worn)
 n - a +0 helmet (worn)
 v - a +1 leather armour of positive energy (worn)
Wands
 u - a wand of charming (6)
Scrolls
 i - 2 scrolls of teleportation {unknown}
 j - a scroll of fear {unknown}
 k - 3 scrolls of blinking {unknown}
 o - a scroll of noise {unknown}
 p - 2 scrolls of summoning {unknown}
 r - a scroll of fog {unknown}
Potions
 e - 2 potions of brilliance {unknown}
 f - 3 potions of heal wounds {unknown}
 g - 2 potions of curing {unknown}
 s - a potion of cancellation {unknown}
 t - a potion of magic {unknown}


   Skills:
 + Level 4.7 Fighting
 * Level 5.3 Axes
 + Level 2.5 Armour
 + Level 4.2 Dodging


You had 6 spell levels left.
You didn't know any spells.
Your spell library contained the following spells:

 Spells                   Type           Power      Damage    Failure   Level
 Magic Dart               Conj           0%         1d3       41%         1
 Sandblast                Erth           0%         2d4       41%         1
 Lesser Beckoning         Tloc           0%         N/A       54%         2
 Passwall                 Tmut/Erth      0%         N/A       54%         2
 Searing Ray              Conj           0%         2d4       54%         2
 Gell's Gravitas          Tloc           0%         N/A       78%         3
 Hailstorm                Conj/Ice       0%         3d3       78%         3
 Stone Arrow              Conj/Erth      0%         3d7       78%         3
 Teleport Other           Tloc           0%         N/A       78%         3
 Fulminant Prism          Conj/Hex       0%         3d5       99%         4
 Summon Ice Beast         Ice/Summ       0%         N/A       99%         4
 Simulacrum               Ice/Necr       0%         N/A       100%        6


Dungeon Overview and Level Annotations

Branches:
Dungeon (4/15)
 Temple: D:4-7

Altars:

Shops:
D:2 :

Annotations:
D:4 Duvessa


Innate Abilities, Weirdness & Mutations

You are partially covered in icy blue scales. (AC +2)
A meltable shield of frost defends you. (SH +0)
Spells you cast may paralyse adjacent enemies.
Your hexes are more powerful.


Message History

Duvessa is almost dead.
You hit Dowan. Duvessa hits you with a +0 short sword. Dowan misses you.
Duvessa hits you with a +0 short sword.
Dowan zaps a wand.
The puff of flame hits you.
Unknown command.
You hit Duvessa.
Duvessa is almost dead.
You hit Dowan. Duvessa closely misses you.
Dowan hits you with a +3 dagger of flaming.
Dowan burns you.
Unknown command.
You hit Duvessa but do no damage.
Duvessa is almost dead.
You hit Dowan. Duvessa barely misses you. Duvessa hits you but does no damage.
Dowan completely misses you.
Unknown command.
You hit Duvessa but do no damage.
Duvessa is almost dead.
You hit Dowan.
You kill Dowan!
Duvessa screams, "No!
How DARE you!"
Duvessa goes berserk!
Duvessa hits you with a +0 short sword.
* * * LOW HITPOINT WARNING * * *
Duvessa hits you with a +0 short sword!
* * * LOW HITPOINT WARNING * * *
You are confused.
You feel invigorated. Duvessa barely misses you.
Duvessa hits you with a +0 short sword.
* * * LOW HITPOINT WARNING * * *
You bump into the rock wall.
Duvessa closely misses you.
Unknown command.
You bump into the rock wall.
You feel less invigorated.
You feel less confused. Duvessa hits you but does no damage.
Duvessa hits you with a +0 short sword!
* * * LOW HITPOINT WARNING * * *
Unknown command.
You hit Duvessa but do no damage.
Duvessa is almost dead.
Duvessa hits you with a +0 short sword!
You die...

#########
#<..e@).#
....#####.#
# ####.####
#.(.....#
.....##.##.#
........##.#
.#########.#
#.# #.#


You could see Duvessa (berserk, fast).

Vanquished Creatures
  Sigmund (D:3)
  Menkaure (D:4)
  A scorpion (D:4)
  Dowan (D:4)
  A hound (D:4)
  An iguana (D:4)
  Ijyb (D:4)
  Natasha (thrice) (D:3)
  4 adders
  A worm (D:4)
  3 dart slugs
  2 endoplasms
  3 giant cockroaches
  4 goblins
  5 hobgoblins
  2 kobolds
  7 quokkas
  7 ball pythons
  7 bats
  7 frilled lizards
  3 rats
65 creatures vanquished.

Notes
Turn   | Place    | Note
-------+----------+-------------------------------------------
     0 | D:1      | innerfire43 the Demonspawn Monk began the quest for the
                  | Orb.
     0 | D:1      | Reached XP level 1. HP: 18/18 MP: 1/1
   165 | D:1      | Gained mutation: A meltable shield of frost defends you.
                  | (SH +0) [demonic ancestry]
   165 | D:1      | Reached XP level 2. HP: 23/24 MP: 2/2
   203 | D:1      | Reached skill level 3 in Axes
  1047 | D:2      | Reached XP level 3. HP: 18/29 MP: 3/3
  1304 | D:2      | Found Payfemmuggi's Book Boutique.
  1859 | D:3      | Gained mutation: You are partially covered in icy blue
                  | scales. (AC +2) [demonic ancestry]
  1859 | D:3      | Reached XP level 4. HP: 34/35 MP: 4/4
  1933 | D:3      | Noticed Natasha
  1943 | D:3      | Killed Natasha
  2025 | D:3      | Identified the +0 dagger "Qer Zed" {freeze, rN+ Will++
                  | Stlth+}
  2224 | D:3      | Found a faded altar of an unknown god.
  2236 | D:3      | Noticed Sigmund
  2250 | D:3      | Killed Sigmund
  2251 | D:3      | Reached skill level 4 in Axes
  2251 | D:3      | Reached skill level 1 in Armour
  2251 | D:3      | Gained mutation: Your hexes are more powerful. [demonic
                  | ancestry]
  2251 | D:3      | Reached XP level 5. HP: 42/42 MP: 5/5
  2263 | D:3      | Reached XP level 6. HP: 42/48 MP: 6/6
  2450 | D:3      | Noticed Natasha
  2456 | D:3      | Killed Natasha
  2522 | D:3      | Noticed Natasha
  2529 | D:3      | Killed Natasha
  2858 | D:4      | Noticed Menkaure
  2870 | D:4      | Killed Menkaure
  2871 | D:4      | Reached skill level 5 in Axes
  2871 | D:4      | Gained mutation: Spells you cast may paralyse adjacent
                  | enemies. [demonic ancestry]
  2871 | D:4      | Reached XP level 7. HP: 14/55 MP: 7/7
  3116 | D:4      | Noticed Ijyb
  3124 | D:4      | Killed Ijyb
  3155 | D:4      | Noticed Dowan
  3155 | D:4      | Noticed Duvessa
  3169 | D:4      | Killed Dowan
  3170 | D:4      | HP: 2/55 [Duvessa/+0 short sword (5)]
  3173 | D:4      | Mangled by Duvessa

Illustrated notes

Levels and vault maps discovered:
D:1:      lightli_arrival_chessboard, layout_basic
D:2:      layout_basic, serial_shops, shop, minmay_misc_feat_ornament
D:3:      layout_basic, serial_corexii_hall, chequers_hall_statues_corner_a,
          chequers_hall_statues_y, chequers_ecumenical_altar_island,
          uniq_natasha, uniq_sigmund
D:4:      layout_loops_cross, nicolae_overflow_crystal_walls,
          nicolae_shop_gadgets, uniq_ijyb, uniq_menkaure, uniq_duvessa,
          uniq_crazy_yiuf_cottage

Skill      XL: |  1  2  3  4  5  6 |
---------------+-------------------+-----
Axes           | 3 4 5 |  5.3
Dodging        | 3 4 |  4.2
Fighting       | 4 |  4.7
Armour         | 1 2 |  2.5

Action                     |  1- 3 |  4- 6 |  7- 9 || total
---------------------------+-------+-------+-------++-------
  Melee: Hand axe          |    49 |       |       ||    49
         War axe           |    57 |    77 |    26 ||   160
    Use: Potion            |       |     1 |     1 ||     2
 Armour: Robe              |    34 |    13 |     5 ||    52
         Leather armour    |       |       |     4 ||     4
  Dodge: Dodged            |    83 |    52 |    20 ||   155
  Block: Orb               |     9 |    20 |     4 ||    33

Table legend: (Time is in decaauts)
 A = Elapsed time spent in this place.
 B = Non-inter-level travel time spent in this place.
 C = Inter-level travel time spent in this place.
 D = Time resting spent in this place.
 E = Time spent auto-exploring this place.
 F = Levels seen in this place.
 G = Mean time per level.
                   A        B        C        D        E       F      G
               +--------+--------+--------+--------+--------+-----+--------+
         Total |   3235 |   3073 |    162 |      0 |   2521 |   4 |  808.8 |
       Dungeon |   3235 |   3073 |    162 |      0 |   2521 |   4 |  808.8 |
               +--------+--------+--------+--------+--------+-----+--------+

Top non-repeatable levels by time:
     D:1: 986 daAuts
     D:3: 924 daAuts
     D:2: 846 daAuts
     D:4: 479 daAuts
